 Dungeon Crawl Stone Soup version 0.20.1-1-g8b1a95d (webtiles) character file.

6316 vomix the Severer (level 10, -2/77 HPs)
             Began as a Minotaur Berserker on Aug 26, 2017.
             Was a High Priest of Trog.
             Slain by a minotaur
             ... wielding the +7 short sword of the Globe {drain, rElec rPois Str+4}
              (22 damage)
             ... in a labyrinth.
             The game lasted 00:16:09 (7443 turns).

vomix the Severer (Minotaur Berserker)              Turns: 7443, Time: 00:16:09

Health: -2/77      AC: 14    Str: 23    XL:     10   Next: 64%
Magic:  9/9        EV: 14    Int:  4    God:    Trog [*****.]
Gold:   370        SH:  0    Dex: 12    Spells: 9/9 levels left

rFire    . . .     SeeInvis .   F - +5 war axe (curse)
rCold    + . .     Gourm    .   (no shield)
rNeg     . . .     Faith    .   o - +3 chain mail {rC+}
rPois    +         Spirit   .   (helmet restricted)
rElec    .         Reflect  .   x - +1 cloak {rPois}
rCorr    .         Harm     .   e - +0 pair of gloves
MR       .....                  (no boots)
Stlth    ..........             (no amulet)
Regen    0.3/turn               w - +6 ring of evasion
MPRegen  0.2/turn               y - ring of flight

@: berserk cooldown, slowed, drained, very slow
A: retaliatory headbutt, horns 2
a: Berserk, Trog's Hand, Brothers in Arms, Burn Spellbooks, Renounce Religion,
Evoke Flight


You were in a labyrinth.
You worshipped Trog.
Trog was extremely pleased with you.
You were full.

You visited 3 branches of the dungeon, and saw 11 of its levels.
You also visited: Labyrinth.

You collected 370 gold pieces.

Inventory:

Hand Weapons
 a - a +0 hand axe
 F - a cursed +5 war axe (weapon)
Armour
 e - a +0 pair of gloves (worn)
 o - a +3 chain mail of cold resistance (worn)
 x - a +1 cloak of poison resistance (worn)
Jewellery
 w - a +6 ring of evasion (left hand)
 y - a ring of flight (right hand)
Wands
 H - a wand of iceblast (9/15)
Scrolls
 g - a scroll of noise {unknown}
 h - a scroll of fear {unknown}
 i - a scroll of magic mapping
 l - 2 scrolls of enchant weapon
 q - a scroll of recharging
 r - a scroll of remove curse {unknown}
 A - 3 scrolls of teleportation {unknown}
 C - 2 scrolls of random uselessness {unknown}
 D - a scroll of blinking {unknown}
 E - a scroll of amnesia {unknown}
 I - a scroll of enchant armour {unknown}
 J - 2 scrolls of immolation {unknown}
 K - a scroll of silence {unknown}
Potions
 b - 4 potions of mutation
 d - 2 potions of heal wounds
 k - 2 potions of lignification
 n - a potion of agility
 p - a potion of cancellation {unknown}
 s - 2 potions of might
 t - a potion of flight {unknown}
 u - 2 potions of ambrosia {unknown}
 v - a potion of degeneration {unknown}
 B - 2 potions of curing {unknown}
Comestibles
 c - 5 bread rations
 f - 5 meat rations
 j - 12 fruits
 z - 9 royal jellies


   Skills:
 + Level 3.6(3.1) Fighting
 - Level 18.0(17.3) Axes
 - Level 2.4(1.9) Armour
 - Level 2.1(1.7) Dodging


You had 9 spell levels left.
You didn't know any spells.

Dungeon Overview and Level Annotations

Branches:
Dungeon (9/15)             Temple (1/1) D:6            Lair (1/6) D:8
    Orc: D:9-12

Altars:
Ashenzari
Cheibriados
Dithmenos
Elyvilon
Fedhas
Gozag
Hepliaklqana
Kikubaaqudgha
Makhleb
Nemelex Xobeh
Okawaru
Qazlal
Ru
Sif Muna
Trog
Uskayaw
Vehumet
Xom
Yredelemnul
Zin
The Shining One

Shops:
D:6 *(


Innate Abilities, Weirdness & Mutations

You reflexively headbutt those who attack you in melee.
You have a pair of horns on your head.


Message History

The minotaur shoots an arrow.
The arrow hits you! The arrow burns you!
You see here an arrow.
You are no longer berserk.
You are exhausted.
You feel yourself slow down.
You hit the minotaur but do no damage. Your headbutt misses the minotaur.
The minotaur unwields an uncursed shortbow of flaming.
It stops flaming.
The minotaur wields an uncursed polished short sword {drain}.
You sense an unholy aura.
The minotaur hits you with an uncursed polished short sword {drain}!!
You feel drained.
* * * LOW HITPOINT WARNING * * *
The minotaur gores you!
* * * LOW HITPOINT WARNING * * *
You slash the minotaur!
You headbutt the minotaur, but do no damage.
The minotaur is moderately wounded.
The minotaur hits you with an uncursed polished short sword {drain}!!
You die...

#.###.#.#
...#.#.#
#.###.# #
#.#.....#.#
........#.#
..........#
#########.#.#
#8|8:8.8#.#.#
#<..H@(.'(# #
#8|8[8.8#.#
#########...
#... #...#
.... ..#.##
....#


You could see a minotaur.

Vanquished Creatures
  A centaur warrior (D:9)
  A black mamba (Lair:1)
  A troll (D:9)
  A hippogriff (Lair:1)
  A wyvern (D:9)
  A human (D:7)
  Eustachio (D:4)
  4 hogs (D:7)
  A hungry ghost (D:8)
  A steam dragon (D:6)
  Menkaure (D:6)
  Edmund (D:6)
  2 orc warriors (D:8)
  2 sky beasts
  3 ice beasts
  3 centaurs
  7 ogres
  A crocodile (Lair:1)
  A big kobold (D:9)
  6 bullfrogs
  A scorpion (D:8)
  3 wights (D:6)
  3 howler monkeys
  4 crimson imps
  2 bullfrog zombies
  A quasit (D:7)
  3 hounds
  3 jellies
  4 orc priests
  Crazy Yiuf (D:6)
  6 orc wizards
  5 iguanas
  5 worker ants
  Terence (D:2)
  A killer bee zombie (D:8)
  2 hound skeletons
  A howler monkey zombie (D:7)
  7 adders
  An ooze (D:4)
  2 adder skeletons
  2 adder zombies
  4 dart slugs
  6 leopard geckos
  24 orcs
  13 bats
  4 giant cockroaches
  5 goblins
  7 hobgoblins
  11 jackals
  3 quokkas
  9 frilled lizards
  A jackal skeleton (D:4)
  10 kobolds
  A leopard gecko skeleton (D:5)
  5 rats
  6 fungi (D:6)
207 creatures vanquished.

Notes
Turn   | Place    | Note
-------+----------+-------------------------------------------
     0 | D:1      | vomix the Minotaur Berserker began the quest for the Orb.
     0 | D:1      | Reached XP level 1. HP: 19/19 MP: 0/0
    31 | D:1      | Reached skill level 4 in Axes
   108 | D:1      | Reached XP level 2. HP: 19/26 MP: 1/1
   547 | D:2      | Reached skill level 5 in Axes
   547 | D:2      | Reached XP level 3. HP: 31/31 MP: 2/2
   614 | D:2      | Reached ** piety under Trog
   643 | D:2      | Noticed Terence
   652 | D:2      | Killed Terence
   668 | D:2      | Found a sparkling altar of Nemelex Xobeh.
   714 | D:2      | Reached XP level 4. HP: 35/39 MP: 3/3
   806 | D:2      | Reached skill level 6 in Axes
   833 | D:2      | Found a shadowy altar of Dithmenos.
  1353 | D:3      | Found a stormy altar of Qazlal.
  1543 | D:3      | Reached *** piety under Trog
  1685 | D:4      | Reached skill level 7 in Axes
  1685 | D:4      | Reached XP level 5. HP: 40/45 MP: 4/4
  1791 | D:4      | Noticed Eustachio
  1810 | D:4      | Killed Eustachio
  1810 | D:4      | Reached skill level 8 in Axes
  1810 | D:4      | Reached XP level 6. HP: 51/51 MP: 5/5
  2047 | D:4      | Reached skill level 9 in Axes
  2467 | D:4      | Found a glowing golden altar of the Shining One.
  2640 | D:5      | Entered Level 5 of the Dungeon
  2742 | D:5      | Reached XP level 7. HP: 57/57 MP: 6/6
  2950 | D:5      | Reached skill level 10 in Axes
  3303 | D:6      | Noticed Edmund
  3322 | D:6      | Killed Edmund
  3322 | D:6      | Reached skill level 11 in Axes
  3348 | D:6      | Found Eloleniu's Assorted Antiques.
  3422 | D:6      | Reached XP level 8. HP: 62/64 MP: 7/7
  3438 | D:6      | Found a staircase to the Ecumenical Temple.
  3526 | D:6      | Reached **** piety under Trog
  3588 | D:6      | Reached skill level 12 in Axes
  3795 | D:6      | Noticed Menkaure
  3799 | D:6      | Killed Menkaure
  3863 | D:6      | Found Marph's Weapon Emporium.
  4103 | D:6      | Reached skill level 13 in Axes
  4377 | D:6      | Found a runed door.
  4381 | D:6      | Noticed Crazy Yiuf
  4384 | D:6      | Killed Crazy Yiuf
  4436 | Temple   | Entered the Ecumenical Temple
  4837 | D:7      | Reached XP level 9. HP: 70/70 MP: 8/8
  4914 | D:7      | Found a shimmering altar of Xom.
  4918 | D:7      | Reached skill level 14 in Axes
  4933 | D:7      | Found a sparkling altar of Nemelex Xobeh.
  4933 | D:7      | Found a glowing silver altar of Zin.
  5063 | D:7      | Found a hazy altar of Hepliaklqana.
  5136 | D:7      | Reached skill level 15 in Axes
  5450 | D:8      | Found a staircase to the Lair.
  5512 | D:8      | Reached skill level 16 in Axes
  5862 | D:8      | Reached XP level 10. HP: 62/77 MP: 9/9
  6270 | D:9      | Noticed a centaur warrior
  6276 | D:9      | Killed a centaur warrior
  6276 | D:9      | Reached skill level 17 in Axes
  6285 | D:9      | Found a stormy altar of Qazlal.
  6352 | D:9      | Got a citrine-encrusted ring mail
  6363 | D:9      | Identified the +1 ring mail "Saess" {-Tele rCorr Int+7 Stlth-} (You found it on level 9 of the Dungeon)
  6619 | D:9      | Reached ***** piety under Trog
  7053 | Lair:1   | Entered Level 1 of the Lair of Beasts
  7097 | Lair:1   | Noticed a black mamba
  7102 | Lair:1   | Killed a black mamba
  7159 | Lair:1   | Reached skill level 18 in Axes
  7165 | Lair:1   | Found a labyrinth entrance.
  7174 | Lab      | Entered a labyrinth
  7436 | Lab      | Noticed a minotaur
  7443 | Lab      | Identified the +7 short sword of the Globe {drain, rElec rPois Str+4}
  7443 | Lab      | Slain by a minotaur

Skill      XL: |  1  2  3  4  5  6  7  8  9 10 |
---------------+-------------------------------+-----
Axes           | 4 5 7 8 9 11 13 16 18 | 18.0
Fighting       | |  3.6
Armour         | |  2.4
Dodging        | |  2.1

Action                   |  1- 3 |  4- 6 |  7- 9 | 10-12 || total
-------------------------+-------+-------+-------+-------++-------
Melee: Hand axe          |    57 |   137 |    79 |       ||   273
       Headbutt          |     4 |    24 |    55 |    17 ||   100
       War axe           |       |       |   163 |    97 ||   260
Invok: Berserk           |       |     1 |     2 |     3 ||     6
  Use: Scroll            |       |       |       |     8 ||     8
 Stab: Sleeping          |     1 |       |       |       ||     1
  Eat: Chunk             |       |     7 |    13 |     5 ||    25
       Meat ration       |       |       |       |     1 ||     1
       Royal jelly       |       |       |       |     1 ||     1
Armor: Animal skin       |    12 |     4 |       |       ||    16
       Chain mail        |       |    58 |    88 |    31 ||   177
Dodge: Dodged            |    36 |    87 |   106 |    59 ||   288
